 Dungeon Crawl Stone Soup version 0.29-a0-648-g6b26cc9f40 (webtiles) character file.

Game seed: 11602959646390712047

5093 avis the Archer (level 10, -20/88 HPs)
             Began as a Demigod Ice Elementalist on June 20, 2022.
             Demolished by a red ugly thing (27 damage)
             ... on level 8 of the Dungeon.
             The game lasted 01:18:03 (10130 turns).

avis the Archer (Demigod Ice Elementalist)         Turns: 10130, Time: 01:18:04

Health: -20/88     AC: 13    Str: 12    XL:     10   Next: 10%
Magic:  8/17       EV: 13    Int: 19    God:
Gold:   288        SH:  0    Dex: 26    Spells: 11/15 levels left

rFire   x . .      SeeInvis .   b - +0 shortbow
rCold   . . .      Faith    .   (shield currently unavailable)
rNeg    + . .      Spirit   .   F - +0 steam dragon scales
rPois   .          Reflect  .   C - +0 helmet
rElec   .          Harm     .   (no cloak)
rCorr   .          Rampage  .   I - +1 pair of gloves {Stlth+}
Will    +....                   J - +0 pair of boots
Stlth   +++++.....              O - amulet of regeneration
HPRegen 1.04/turn               G - ring of Nehismemp {rF- rN+ Str+3 Int+2 Stlth+}
MPRegen 0.15/turn               z - +4 ring of protection

@: no status effects
A: high MP 1, forlorn, divine attributes
a: no special abilities


You were on level 8 of the Dungeon.
You visited 2 branches of the dungeon, and saw 9 of its levels.

You collected 550 gold pieces.
You spent 262 gold pieces at shops.

Inventory:

Hand Weapons
 a - a +1 dagger of venom
 b - a +0 shortbow (weapon)
 g - a +3 battleaxe
 w - a +1 falchion
 A - a +3 war axe
 B - a +4 trident
 E - a +4 long sword
 M - a +1 whip of venom
Missiles
 f - 15 poisoned darts
 k - 4 atropa-tipped darts
Armour
 e - a +0 robe
 C - a +0 helmet (worn)
 F - +0 steam dragon scales (worn)
 I - a +1 pair of gloves of stealth (worn)
 J - a +0 pair of boots (worn)
Jewellery
 j - a ring of flight
 v - a +4 ring of evasion
 z - a +4 ring of protection (right hand)
 G - the ring of Nehismemp (left hand) {rF- rN+ Str+3 Int+2 Stlth+}
   (You found it on level 4 of the Dungeon)

   [ring of positive energy]

   Str:       It affects your strength (+3).
   Int:       It affects your intelligence (+2).
   rF:        It makes you vulnerable to fire.
   rN:        It protects you from negative energy.
   Stlth:     It makes you more stealthy.
 O - an amulet of regeneration (around neck)
Wands
 i - a wand of mindburst (24)
 s - a wand of iceblast (1)
Scrolls
 c - a scroll of summoning {unknown}
 h - 3 scrolls of noise {unknown}
 o - 5 scrolls of teleportation
 y - 2 scrolls of fear {unknown}
 D - 2 scrolls of magic mapping {unknown}
 H - 3 scrolls of amnesia {unknown}
 L - a scroll of torment {unknown}
 Q - 3 scrolls of immolation {unknown}
Potions
 d - a potion of heal wounds
 l - 3 potions of cancellation
 m - a potion of attraction {unknown}
 p - 3 potions of might
 q - 3 potions of haste
 r - a potion of resistance {unknown}
 t - a potion of flight {unknown}
 u - a potion of mutation {unknown}
 x - a potion of magic
 K - a potion of brilliance {unknown}
 R - a potion of lignification {unknown}


   Skills:
 + Level 7.7 Fighting
 * Level 10.0 Bows
 - Level 2.0 Dodging
 - Level 3.0 Stealth
 - Level 3.0 Spellcasting
 - Level 6.0 Ice Magic


You had 11 spell levels left.
You knew the following spells:

 Your Spells              Type           Power      Damage    Failure   Level
a - Freeze                Ice            100%       1d11      1%          1
o - Ozocubu's Armour      Ice            25%        N/A       3%          3

Your spell library contained the following spells:

 Spells                   Type           Power      Damage    Failure   Level
 Frozen Ramparts          Ice            50%        1d7       3%          3
 Blink                    Tloc           4%         N/A       22%         2
 Sublimation of Blood     Necr           2%         N/A       22%         2
 Conjure Flame            Conj/Fire      2%         6-21      41%         3
 Gell's Gravitas          Tloc           2%         N/A       41%         3
 Ignite Poison            Fire/Tmut/Pois 2%         N/A       41%         3
 Teleport Other           Tloc           2%         N/A       41%         3
 Hailstorm                Conj/Ice       14%        3d5       41%         4
 Petrify                  Tmut/Erth      2%         N/A       83%         4
 Sticky Flame             Conj/Fire      2%         2d3       83%         4
 Irradiate                Conj/Tmut      1%         3d13      99%         5
 Manifold Assault         Tloc           2%         N/A       99%         5
 Dispersal                Tloc           1%         N/A       100%        6
 Storm Form               Tmut/Air       1%         N/A       100%        7


Dungeon Overview and Level Annotations

Branches:
Dungeon (8/15)             Temple (1/1) D:6
   Lair: D:8-11

Shops:
D:4 [   D:8 *


Innate Abilities, Weirdness & Mutations

You have an increased reservoir of magic. (+10% MP)
You shall have no god before yourself.
Your divine heritage dramatically boosts your attributes as you level up.


Message History

Aiming: Freeze (safe; 1% risk of failure)
Press: ? - help, Shift-Dir - straight line, f/p - red ugly thing
Aim: a red ugly thing (moderately wounded)
You freeze the red ugly thing.
The red ugly thing is moderately wounded.
The red ugly thing tentacle-slaps you but does no damage.
Unknown command.
Shoot: b) +0 shortbow
Press: ? - help, Q - select action, (/) - cycle Shift-Dir - straight line, f/p - red ugly thing
Aim: a red ugly thing (moderately wounded, 72% to hit)
You shoot an arrow.
The arrow hits the red ugly thing but does no damage.
The red ugly thing is moderately wounded.
The red ugly thing misses you.
Unknown command.
Shoot: b) +0 shortbow
Press: ? - help, Q - select action, (/) - cycle Shift-Dir - straight line, f/p - red ugly thing
Aim: a red ugly thing (moderately wounded, 72% to hit)
You shoot an arrow. The arrow hits the red ugly thing!
The red ugly thing is heavily wounded.
The red ugly thing tentacle-slaps you but does no damage.
Shoot: b) +0 shortbow
Press: ? - help, Q - select action, (/) - cycle Shift-Dir - straight line, f - centaur warrior, p - red ugly thing
Aim: a centaur warrior (77% to hit)
You shoot an arrow.
The arrow hits the red ugly thing but does no damage.
The red ugly thing is heavily wounded.
The red ugly thing tentacle-slaps you.
* * * LOW HITPOINT WARNING * * *
You are engulfed in flames!!
The fire burns you terribly!
* * * LOW HITPOINT WARNING * * *
The heat melts your icy armour.
As you read the scroll of identify, it crumbles to dust.
d - a potion of heal wounds The red ugly thing tentacle-slaps you.
* * * LOW HITPOINT WARNING * * *
You are engulfed in flames!!
Your icy armour melts away.
The fire burns you terribly!
You die... #.#......... #.# #.#######... ## #.# #.##...##... .# ... #........... .. #.# #...>....... . ##.## #........... cyY

#.♣..P###### #######
#u#####.P....#.... ......#
#$##@##.##....♣.#.... ......#####
#....)...'......#.... ......#...#
#$##.##.##......'.... ..##..#...#
# #.#####...####.... #####+##..##
... ####'#......# .......#>..##
#### ##....+...[..#
.......+....########.....#......+
.......#<....#...........#......#
#.####+#.....##'##########).....#


You could see a red ugly thing, a centaur warrior, a vampire mosquito and an ice
beast.

Vanquished Creatures
  A two-headed ogre (D:7)
  A gargoyle (D:8)
  An efreet (D:8)
  Grinder (D:6)
  A spriggan (D:7)
  A wyvern (D:8)
  A steam dragon (D:8)
  2 water moccasins (D:7)
  An ice beast (D:6)
  An orc warrior (D:7)
  4 centaurs
  3 ogres
  A phantom (D:4)
  6 bullfrogs
  A gnoll sergeant (D:7)
  A necrophage (D:4)
  4 scorpions
  9 wights
  6 killer bees (D:8)
  A howler monkey (D:8)
  An electric eel (D:8)
  2 quasits (D:8)
  4 hounds
  2 jellies
  A gnoll shaman (D:8)
  2 orc priests
  4 iguanas
  2 orc wizards
  7 gnolls
  4 adders
  A shadow imp (D:4)
  6 white imps
  5 ufetubi
  2 dart slugs
  23 orcs
  9 endoplasms
  6 giant cockroaches
  10 hobgoblins
  6 jackals
  4 quokkas
  8 ball pythons
  4 bats
  7 frilled lizards
  4 goblins
  6 kobolds
  5 rats
  A spectral goblin (D:1)
183 creatures vanquished.

Vanquished Creatures (others)
  An unseen horror (shapeshifter) (D:8)
  2 demonic plants (D:8)
3 creatures vanquished.

Grand Total: 186 creatures vanquished

Notes
Turn   | Place    | Note
-------+----------+-------------------------------------------
     0 | D:1      | avis the Demigod Ice Elementalist began the quest for the
                  | Orb.
     0 | D:1      | Reached XP level 1. HP: 14/14 MP: 5/5
   371 | D:1      | Reached XP level 2. HP: 22/22 MP: 5/7
   375 | D:1      | Reached skill level 1 in Fighting
  1284 | D:1      | Reached XP level 3. HP: 24/29 MP: 6/8
  1334 | D:1      | Learned a level 3 spell: Ozocubu's Armour
  2625 | D:3      | Found Bukkat's General Store.
  2634 | D:3      | Identified the +0 chain mail of Osenuh {rElec Int-2 Dex-4
                  | SInv}
  2714 | D:3      | Reached XP level 4. HP: 34/36 MP: 2/11
  3618 | D:4      | Noticed a necrophage
  3631 | D:4      | Killed a necrophage
  3632 | D:4      | Reached XP level 5. HP: 32/45 MP: 10/12
  3860 | D:4      | Reached skill level 5 in Ice Magic
  4037 | D:4      | Reached XP level 6. HP: 37/51 MP: 7/13
  4408 | D:4      | Found Kapn's Armour Boutique.
  4409 | D:4      | Identified the ring of Nehismemp {rF- rN+ Str+3 Int+2
                  | Stlth+}
  4432 | D:4      | Bought a +1 pair of gloves of stealth for 165 gold pieces
  4432 | D:4      | Bought a +0 pair of boots for 45 gold pieces
  4637 | D:5      | Entered Level 5 of the Dungeon
  5539 | D:5      | Reached XP level 7. HP: 55/60 MP: 12/14
  6167 | D:6      | Reached skill level 5 in Fighting
  6354 | D:6      | Noticed Grinder
  6377 | D:6      | Killed Grinder
  6378 | D:6      | Reached skill level 2 in Bows
  6472 | D:6      | Reached skill level 3 in Bows
  6516 | D:6      | Reached XP level 8. HP: 70/70 MP: 11/15
  6553 | D:6      | Reached skill level 4 in Bows
  6770 | D:6      | Found a staircase to the Ecumenical Temple.
  6774 | Temple   | Entered the Ecumenical Temple
  7032 | D:6      | Reached skill level 5 in Bows
  7651 | D:7      | Reached skill level 6 in Bows
  8128 | D:7      | Reached skill level 7 in Bows
  8220 | D:7      | Reached XP level 9. HP: 71/75 MP: 11/16
  9031 | D:8      | Noticed a two-headed ogre
  9050 | D:7      | HP: 1/75 [two-headed ogre/+0 giant spiked club (21)]
  9075 | D:7      | Killed a two-headed ogre
  9076 | D:7      | Reached skill level 8 in Bows
  9295 | D:8      | Reached skill level 9 in Bows
  9919 | D:8      | Found Enozauti's Assorted Antiques.
  9922 | D:8      | Bought a scroll labelled ESSISU LYCUDGH for 26 gold pieces
  9922 | D:8      | Bought a scroll labelled WETORU DIBIFIA for 26 gold pieces
 10107 | D:8      | Noticed an efreet
 10109 | D:8      | Noticed a gargoyle
 10112 | D:8      | Noticed a cane toad
 10114 | D:8      | a cane toad changed into something unseen
 10116 | D:8      | Noticed a red ugly thing
 10119 | D:8      | Killed a gargoyle
 10119 | D:8      | Killed an unseen horror
 10120 | D:8      | Reached XP level 10. HP: 9/86 MP: 14/17
 10123 | D:8      | Reached skill level 10 in Bows
 10125 | D:8      | Noticed a centaur warrior
 10130 | D:8      | Demolished by a red ugly thing

Illustrated notes

Levels and vault maps discovered:
D:1:      beargit_arrival_diablo_church, layout_basic,
          dreamdust_ecumenical_altar_drowned_temple
D:2:      layout_basic, basic_altar, kennysheep_decorative_pillar,
          kennysheep_generic_room_7
D:3:      layout_rooms, serial_shops, shop
D:4:      layout_basic, hangedman_decor_riveting,
          chequers_serial_rivers_large_b, nicolae_stop_n_shop_1
D:5:      layout_gridville, overflow_temple_1_default
D:6:      nicolae_cairo_tiling_very_big, layout_cave_pools,
          minmay_temple_entry_grid, uniq_grinder
D:7:      nicolae_cairo_tiling, layout_basic, minmay_misc_feat_rugged,
          the_hattery
D:8:      hangedman_cross_veins, layout_gridville, serial_demonic,
          serial_demonic_g, serial_demonic_e, serial_demonic_d,
          serial_demonic_c, serial_shops, kennysheep_mini_moat, minivault_14,
          hangedman_decor_lopped
Temple:   mainiacjoe_temple_bowtie_tessellation

Skill      XL: |  1  2  3  4  5  6  7  8  9 10 |
---------------+-------------------------------+-----
Ice Magic      | 4 5 6 |  6.0
Fighting       | 1 2 3 4 6 7 |  7.7
Spellcasting   | 2 3 |  3.0
Stealth        | 2 3 |  3.0
Bows           | 3 7 9 10 | 10.0
Dodging        | 2 |  2.0

Action                   |  1- 3 |  4- 6 |  7- 9 | 10-12 || total
-------------------------+-------+-------+-------+-------++-------
Melee: Unarmed           |     5 |       |       |       ||     5
       Short sword       |    13 |       |       |       ||    13
       Dagger            |     3 |    99 |    61 |       ||   163
       Punch             |     1 |     2 |     1 |       ||     4
       Long sword        |       |     7 |     4 |       ||    11
       Falchion          |       |       |     5 |       ||     5
 Fire: Fustibalus        |       |    50 |    19 |       ||    69
       Shortbow          |       |       |   287 |     3 ||   290
Throw: Dart              |       |     7 |       |       ||     7
 Cast: Freeze            |    83 |    17 |    40 |     5 ||   145
       Ozocubu's Armour  |     3 |    13 |    48 |     1 ||    65
Evoke: Wand              |       |       |     2 |       ||     2
  Use: Scroll            |       |       |     8 |     1 ||     9
       Potion            |       |       |     1 |     1 ||     2
 Stab: Sleeping          |     6 |     3 |     1 |       ||    10
       Invisible         |       |     1 |       |       ||     1
Armor: Robe              |    18 |    46 |   117 |       ||   181
       Steam dragon scal |       |       |    22 |     4 ||    26
Dodge: Dodged            |    54 |    87 |   220 |     3 ||   364

Table legend: (Time is in decaauts)
 A = Elapsed time spent in this place.
 B = Non-inter-level travel time spent in this place.
 C = Inter-level travel time spent in this place.
 D = Time resting spent in this place.
 E = Time spent auto-exploring this place.
 F = Levels seen in this place.
 G = Mean time per level.
                   A        B        C        D        E       F      G
               +--------+--------+--------+--------+--------+-----+--------+
         Total |  10224 |   9453 |    771 |   2864 |   4250 |   9 | 1136.0 |
       Dungeon |   9972 |   9208 |    764 |   2864 |   4068 |   8 | 1246.5 |
        Temple |    252 |    246 |      6 |      0 |    182 |   1 |  252.0 |
               +--------+--------+--------+--------+--------+-----+--------+

Top non-repeatable levels by time:
     D:7: 1548 daAuts
     D:1: 1391 daAuts
     D:4: 1312 daAuts
     D:5: 1298 daAuts
     D:6: 1248 daAuts
     D:2: 1156 daAuts
     D:3: 1046 daAuts
     D:8: 969 daAuts
  Temple: 252 daAuts
